 Dungeon Crawl Stone Soup version 0.28-a0-1184-g53156a8862 (webtiles) character file.

Game seed: 9715548463773549417

2061 ytrimaz the Insei (level 9, -1/63 HPs)
             Began as an Octopode Transmuter on Dec 17, 2021.
             Slain by a red ugly thing (14 damage)
             ... on level 7 of the Dungeon.
             The game lasted 00:09:14 (8675 turns).

ytrimaz the Insei (Octopode Transmuter)             Turns: 8675, Time: 00:09:15

Health: -1/63      AC:  2    Str:  9    XL:     9   Next: 25%
Magic:  13/17      EV: 22    Int: 19    God:
Gold:   143        SH:  0    Dex: 18    Spells: 10/19 levels left

rFire   . . .      SeeInvis .     - Unarmed
rCold   . . .      Faith    .   (shield currently unavailable)
rNeg    . . .      Spirit   .   (helmet currently unavailable)
rPois   .          Reflect  .   (no amulet)
rElec   .          Harm     .   k - +4 ring of slaying
rCorr   .          Rampage  .   i - ring of poison resistance
Will    .....                   (no ring)
Stlth   ++........              (no ring)
HPRegen 0.20/turn               (no ring)
MPRegen 0.15/turn               (no ring)
                                (no ring)
                                (no ring)

@: spider-form, wereblooded (expiring), unable to read
A: venomous fangs, almost no armour, (amphibious), 8 rings, tiny, (camouflage
1), (gelatinous body 1), (nimble swimmer 1), (tentacles), robust 1, inability to
read while threatened
a: End Transformation


You were on level 7 of the Dungeon.
You were a venomous arachnid creature.
You visited 1 branch of the dungeon, and saw 7 of its levels.

You collected 239 gold pieces.
You spent 96 gold pieces at shops.

Inventory:

Jewellery
 i - a ring of poison resistance (right front leg)
 k - a +4 ring of slaying (left front leg)
 s - a ring of flight
Wands
 c - a wand of mindburst (11)
 f - a wand of paralysis (9)
 j - a wand of iceblast (6)
 r - a wand of polymorph (13)
Scrolls
 d - a scroll of fear
 e - 2 scrolls of enchant armour
 o - a scroll of enchant weapon
 p - a scroll of amnesia
 q - 3 scrolls of teleportation
Potions
 a - 4 potions of heal wounds
 b - 3 potions of brilliance
 g - 2 potions of lignification
 l - 2 potions of might
 m - 2 potions of curing
 n - a potion of attraction


   Skills:
 * Level 4.2 Fighting
 * Level 5.0 Dodging
 + Level 6.6 Unarmed Combat
 * Level 5.6 Spellcasting
 * Level 5.5 Transmutations
 + Level 2.4 Poison Magic


You had 10 spell levels left.
You knew the following spells:

 Your Spells              Type           Power      Damage    Failure   Level
a - Spider Form           Tmut/Pois      20%        N/A       19%         3
b - Wereblood             Tmut           26%        N/A       8%          2
c - Ice Form              Ice/Tmut       15%        N/A       58%         4

Your spell library contained the following spells:

 Spells                   Type           Power      Damage    Failure   Level
 Beastly Appendage        Tmut           52%        N/A       6%          1


Dungeon Overview and Level Annotations

Branches:
Dungeon (7/15)
 Temple: D:4-7

Altars:
Elyvilon
Sif Muna
Xom
Zin

Shops:
D:4 !   D:7 (

Annotations:
D:3 1 runed translucent door, Crazy Yiuf
D:7 3 runed translucent doors, SirDiesAlot's ghost, novice MiDe


Innate Abilities, Weirdness & Mutations

You are a venomous arachnid creature.
You have poisonous fangs.
You are tiny and dextrous.
Your spellcasting is less reliable in this form.
Your armour is entirely melded.
You are incapable of wielding weapons or throwing items.
You cannot wear most types of armour.
((You are amphibious.))
You can wear up to eight rings at the same time.
((Your skin changes colour to match your surroundings (Stealth+).))
((Your rubbery body absorbs attacks. (AC +1, EV +1)))
((You are camouflaged near water. (Stealth+)))
((You have tentacles for arms and can constrict up to eight enemies at once.))
You are robust. (+10% HP)
You sometimes lose the ability to read scrolls when taking damage.


Message History

You kill the bullfrog!
Your Dodging skill increases to level 5!
You tentacle-slap the water moccasin. You grab the water moccasin.
Your squeeze misses the water moccasin.
The water moccasin is severely wounded.
You constrict the water moccasin. The water moccasin misses you.
The water moccasin bites you.
Unknown command.
Casting: Wereblood (safe; 1% risk of failure)
Confirm with . or Enter, or press ? or * to list all spells.
You turn into a venomous arachnid creature.
You lose your grip on the water moccasin.
The water moccasin closely misses you.
Unknown command.
You hit the water moccasin but do no damage.
The water moccasin is poisoned.
The water moccasin is severely wounded.
You can read scrolls again.
The water moccasin bites you.
You feel threatened and lose the ability to read scrolls!
* * * LOW HITPOINT WARNING * * *
Unknown command.
You bite the water moccasin!
You feel a bit better.
You kill the water moccasin!
Unknown command.
You bite the red ugly thing!
The red ugly thing looks as sick as possible!
The red ugly thing is severely wounded.
You can read scrolls again.
The red ugly thing completely misses you.
Unknown command.
You bite the red ugly thing!
The red ugly thing looks as sick as possible!
The red ugly thing is almost dead.
Your primal bloodlust is almost over.
The red ugly thing tentacle-slaps you.
You feel threatened and lose the ability to read scrolls!
* * * LOW HITPOINT WARNING * * *
You are engulfed in flames!
You die...

####...### #........#
#.###.##.# #.# #)##.# #.#
#.# #)##.# ## #.# #.#
#)##.# # # .##.#
#.###.##.###.
###...#.######........##..
.[......su............'..
#...#.######.##...#.##..
##.##.######.###.##.###.
#.........##.#...##.# #
#.###.###.##.#.####.# #+#
#.###.# #.##........# #.#
#.#...###.####...#### #.#
#.#<####.........# #.##
#.#.# #.###'##..#


You could see a red ugly thing (extremely poisoned).

Vanquished Creatures
  An ugly thing (D:6)
  A water moccasin (D:7)
  An ogre (D:5)
  A necrophage (D:6)
  A centaur (D:6)
  3 bullfrogs
  2 scorpions
  5 wights (D:6)
  A howler monkey (D:6)
  2 bullfrog zombies (D:5)
  3 jellies (D:5)
  3 hounds
  A gnoll shaman (D:7)
  2 orc priests (D:4)
  A centaur skeleton (D:5)
  4 iguanas
  A scorpion zombie (D:5)
  Ijyb (D:3)
  Robin (D:3)
  9 adders
  A howler monkey skeleton (D:6)
  5 gnolls (D:7)
  2 white imps (D:6)
  An ufetubus (D:5)
  An adder skeleton (D:4)
  2 worms (D:5)
  A dart slug (D:2)
  11 orcs
  5 endoplasms
  A giant cockroach (D:1)
  12 goblins
  9 hobgoblins
  A quokka (D:4)
  3 ball pythons
  5 bats
  5 frilled lizards
  7 kobolds
  5 rats
121 creatures vanquished.

Notes
Turn   | Place    | Note
-------+----------+-------------------------------------------
     0 | D:1      | ytrimaz the Octopode Transmuter began the quest for the
                  | Orb.
     0 | D:1      | Reached XP level 1. HP: 13/13 MP: 3/3
   430 | D:1      | Reached XP level 2. HP: 18/18 MP: 5/5
   433 | D:1      | Learned a level 2 spell: Wereblood
   841 | D:2      | Reached XP level 3. HP: 15/23 MP: 4/6
   845 | D:2      | Learned a level 3 spell: Spider Form
  1418 | D:2      | Found a faded altar of an unknown god.
  1940 | D:3      | HP: 1/23 [rat (2)]
  1944 | D:3      | Reached XP level 4. HP: 24/28 MP: 6/8
  2049 | D:3      | Noticed Ijyb
  2064 | D:3      | Paralysed by Ijyb for 5 turns
  2072 | D:3      | Killed Ijyb
  2430 | D:3      | Noticed Robin
  2448 | D:3      | Killed Robin
  2449 | D:3      | Reached XP level 5. HP: 24/33 MP: 4/9
  2669 | D:3      | Found a runed translucent door.
  2670 | D:3      | Noticed Crazy Yiuf
  3003 | D:3      | Found a shimmering altar of Xom.
  3003 | D:3      | Found a shimmering blue altar of Sif Muna.
  3649 | D:4      | Found Dugruh's Distillery.
  3653 | D:4      | Bought a potion of might for 48 gold pieces
  3653 | D:4      | Bought a potion of degeneration for 12 gold pieces
  3653 | D:4      | Bought a potion of curing for 36 gold pieces
  4132 | D:4      | Learned a level 4 spell: Ice Form
  4342 | D:4      | Reached skill level 4 in Unarmed Combat
  4403 | D:4      | Reached XP level 6. HP: 39/39 MP: 7/11
  5254 | D:5      | Entered Level 5 of the Dungeon
  5397 | D:5      | Reached XP level 7. HP: 28/45 MP: 12/12
  5699 | D:5      | Reached skill level 1 in Poison Magic
  6188 | D:5      | Reached skill level 5 in Unarmed Combat
  6603 | D:6      | Reached XP level 8. HP: 32/52 MP: 10/14
  7212 | D:6      | Found a glowing silver altar of Zin.
  7315 | D:6      | Noticed a white ugly thing
  7353 | D:6      | Gained mutation: You tend to lose your temper in combat.
                  | [mutagenic glow]
  7361 | D:6      | Gained mutation: You are dopey. (Int -2) [mutagenic glow]
  7380 | D:6      | Gained mutation: You are very dopey. (Int -4) [mutagenic
                  | glow]
  7461 | D:6      | Lost mutation: You are very dopey. (Int -4) [potion of
                  | mutation]
  7461 | D:6      | Lost mutation: You are dopey. (Int -2) [potion of mutation]
  7461 | D:6      | Lost mutation: You tend to lose your temper in combat.
                  | [potion of mutation]
  7461 | D:6      | Gained mutation: You are robust. (+10% HP) [potion of
                  | mutation]
  7461 | D:6      | Gained mutation: You sometimes lose the ability to read
                  | scrolls when taking damage. [potion of mutation]
  7775 | D:6      | Killed a white ugly thing
  7776 | D:6      | Reached skill level 6 in Unarmed Combat
  7776 | D:6      | Reached skill level 5 in Spellcasting
  7776 | D:6      | Reached skill level 5 in Transmutations
  7776 | D:6      | Reached XP level 9. HP: 26/63 MP: 12/16
  8358 | D:7      | Found Rity's Weapon Shop.
  8422 | D:7      | Noticed SirDiesAlot's ghost (novice MiDe)
  8425 | D:7      | Found a runed translucent gate.
  8425 | D:7      | Found a runed translucent gate.
  8425 | D:7      | Found a runed translucent gate.
  8426 | D:7      | Noticed a boulder beetle
  8642 | D:7      | Noticed a red ugly thing
  8643 | D:7      | Found a white marble altar of Elyvilon.
  8670 | D:7      | Reached skill level 5 in Dodging
  8675 | D:7      | Slain by a red ugly thing

Illustrated notes

Levels and vault maps discovered:
D:1:      minmay_arrival_nine_rooms, layout_basic, minmay_box_of_dots
D:2:      layout_loops_corners, shapermc_ecumenical_altar_mp_highgroup
D:3:      layout_loops_cross, gammafunk_temple_overflow_wave,
          minmay_misc_feat_plants, minmay_crystal_water,
          hangedman_feature_mirror, uniq_robin, uniq_crazy_yiuf_cottage,
          uniq_ijyb
D:4:      layout_layer_cave, serial_shops, shop
D:5:      layout_gridville
D:6:      layout_loops_ring, mainiacjoe_overflow_chevrons,
          hangedman_abyss_or_decor_jellyfish_corner
D:7:      layout_loops_corners, minmay_temple_entry_offerings, serial_shops,
          nicolae_shop_trees, gammafunk_ghost_split, hangedman_feature_mirror,
          st_stairs_14, minmay_misc_feat_five, corexii_checkpoint_a,
          nrook_mini_vaults

Skill      XL: |  1  2  3  4  5  6  7  8  9 |
---------------+----------------------------+-----
Spellcasting   | 3 4 5 |  5.6
Transmutations | 3 4 5 |  5.5
Unarmed Combat | 4 5 6 |  6.6
Fighting       | 2 3 4 |  4.2
Dodging        | 3 4 5 |  5.0
Poison Magic   | 1 2 |  2.4

Action                   |  1- 3 |  4- 6 |  7- 9 || total
-------------------------+-------+-------+-------++-------
Melee: Unarmed           |    87 |   125 |   128 ||   340
       Constrict         |    20 |    18 |     7 ||    45
       Tentacles         |    10 |    12 |     2 ||    24
       Kick              |    12 |     8 |       ||    20
       Punch             |     1 |     4 |       ||     5
 Cast: Beastly Appendage |    21 |     9 |       ||    30
       Wereblood         |     1 |     3 |     3 ||     7
       Spider Form       |       |     8 |    18 ||    26
       Ice Form          |       |     1 |     5 ||     6
  Use: Scroll            |     6 |     4 |     2 ||    12
       Potion            |     1 |       |     2 ||     3
 Stab: Sleeping          |     7 |     4 |     2 ||    13
Armor: Skin              |    17 |    10 |     5 ||    32
Dodge: Dodged            |    75 |    67 |    92 ||   234

Table legend: (Time is in decaauts)
 A = Elapsed time spent in this place.
 B = Non-inter-level travel time spent in this place.
 C = Inter-level travel time spent in this place.
 D = Time resting spent in this place.
 E = Time spent auto-exploring this place.
 F = Levels seen in this place.
 G = Mean time per level.
                   A        B        C        D        E       F      G
               +--------+--------+--------+--------+--------+-----+--------+
         Total |   8646 |   8477 |    169 |   1107 |   6101 |   7 | 1235.1 |
       Dungeon |   8646 |   8477 |    169 |   1107 |   6101 |   7 | 1235.1 |
               +--------+--------+--------+--------+--------+-----+--------+

Top non-repeatable levels by time:
     D:3: 2085 daAuts
     D:5: 1573 daAuts
     D:6: 1515 daAuts
     D:4: 1238 daAuts
     D:2: 1155 daAuts
     D:1: 759 daAuts
     D:7: 318 daAuts
